 Dungeon Crawl Stone Soup version 0.17.1-3-g152610e (webtiles) character file.

151 juanjsm the Stinger (level 5, -3/24 HPs)
             Began as a Spriggan Venom Mage on Apr 15, 2016.
             Slain by an iguana (9 damage)
             ... on level 4 of the Dungeon.
             The game lasted 00:12:38 (2586 turns).

juanjsm the Stinger (Spriggan Venom Mage)           Turns: 2586, Time: 00:12:39

Health: -3/24      AC:  2    Str: 10    XL:     5   Next: 10%
Magic:  5/11       EV: 19    Int: 17    God:
Gold:   141        SH:  0    Dex: 17    Spells: 3 memorised, 5 levels left

rFire  . . .     SeeInvis +     q - -2 long sword (curse)
rCold  . . .     Clarity  .     a - +0 robe
rNeg   . . .     SustAt   +     (shield currently unavailable)
rPois  .         Gourm    .     (helmet restricted)
rElec  .         Spirit   .     (no cloak)
rCorr  .         Warding  .     (gloves unavailable)
rMut   .         Stasis   .     (boots unavailable)
MR     .....                    (no amulet)
Stlth  +++.......               p - +6 ring of strength
                                m - ring of sustain attributes

@: very slightly contaminated, very quick, not resistant to hostile
enchantments, fairly stealthy
A: unfitting armour, see invisible, herbivore 3, speed 3, slow metabolism 2
a: no special abilities


You were on level 4 of the Dungeon.
You were not hungry.

You visited 1 branch of the dungeon, and saw 5 of its levels.

You collected 141 gold pieces.

Inventory:

Hand Weapons
 d - a +2 dagger of speed
 h - a +0 hunting sling
 k - a +1 short sword of venom
 q - a cursed -2 long sword (weapon)
 t - a +1 vampiric dagger
Missiles
 i - 53 stones (quivered)
Armour
 a - a +0 robe (worn)
Jewellery
 m - a ring of sustain attributes (left hand)
 o - an uncursed amulet of regeneration
 p - a +6 ring of strength (right hand)
 s - a +2 ring of protection {unknown}
Wands
 x - a wand of confusion (13)
Scrolls
 j - a scroll of enchant armour {unknown}
 n - 2 scrolls of amnesia {unknown}
 u - a scroll of recharging {unknown}
 w - a scroll of enchant weapon {unknown}
Potions
 e - a potion of lignification {unknown}
 g - a potion of ambrosia {unknown}
 r - a potion of beneficial mutation {unknown}
 v - 2 potions of haste {unknown}
Books
 b - a Young Poisoner's Handbook

   Spells                             Type                      Level
   a - Sting                          Conjuration/Poison           1
   b - Cure Poison                    Poison                       2
   c - Mephitic Cloud                 Conjuration/Poison/Air       3
   d - Olgreb's Toxic Radiance        Poison                       4
   e - Venom Bolt                     Conjuration/Poison           5
Comestibles
 c - 2 bread rations
 f - a royal jelly
 l - 4 fruits


   Skills:
 + Level 0.4 Long Blades
 + Level 3.9 Dodging
 + Level 4.2 Stealth
 + Level 3.8 Spellcasting
 + Level 0.7 Conjurations
 + Level 5.0 Poison Magic


You had 5 spell levels left.
You knew the following spells:

 Your Spells              Type           Power        Failure   Level  Hunger
a - Sting                 Conj/Pois      ##..         6%          1    None
b - Cure Poison           Pois           ###.......   2%          2    ##.....
c - Mephitic Cloud        Conj/Pois/Air  #.......     24%         3    ###....


Dungeon Overview and Level Annotations

Branches:
Dungeon (5/15)
 Temple: D:4-7

Altars:
Ashenzari
Kikubaaqudgha
Xom


Innate Abilities, Weirdness & Mutations

You are tiny and cannot use many weapons and most armour.
You have supernaturally acute eyesight.
You are a herbivore.
You cover ground extremely quickly.
You need consume almost no food.


Message History

The worker ant misses you.
Casting: Cure Poison
Confirm with . or Enter, or press ? or * to list all spells.
Aiming: Sting
Press: ? - help, Shift-Dir - straight line, f/p - worker ant
Aim: a worker ant (heavily wounded)
The sting hits the worker ant.
The worker ant is poisoned.
The worker ant is heavily wounded.
You are too injured to fight recklessly!
You are too injured to fight recklessly!
You have reached level 5!
You feel agile.
You feel a bit more experienced.
Read which item? (? for menu, Esc to quit)
This spell is very dangerous to cast!
Memorise Venom Bolt, consuming 5 spell levels and leaving 0?
You start memorising the spell.
You continue memorising.
You continue memorising.
The iguana bites you!
Your memorisation is interrupted.
You die...

.. #$$ #....# ...)
...##.##....# ....
.....#......# .....
.............#
.....
......#..l...#.....
......#......#.....
..... #.......#
..... ######l.#
.... #....@.## ....
#>......# #......##
#......# ########


You could see an iguana.

Vanquished Creatures
  A hound (D:3)
  A worker ant (D:4)
  4 adders (D:2)
  3 worms
  A ball python (D:2)
  7 hobgoblins
  4 jackals (D:2)
  5 kobolds
  2 quokkas (D:3)
  5 bats
  4 giant cockroaches
  2 giant newts (D:2)
  8 goblins
  4 rats
51 creatures vanquished.

Notes
Turn   | Place    | Note
--------------------------------------------------------------
     0 | D:1      | juanjsm the Spriggan Venom Mage began the quest for the Orb.
     0 | D:1      | Reached XP level 1. HP: 9/9 MP: 5/5
   267 | D:1      | Found a shattered altar of Ashenzari.
   315 | D:1      | Reached XP level 2. HP: 11/13 MP: 2/6
   319 | D:1      | Learned a level 2 spell: Cure Poison
   703 | D:2      | Reached XP level 3. HP: 14/16 MP: 6/8
   708 | D:2      | Learned a level 3 spell: Mephitic Cloud
   780 | D:2      | Found a shimmering altar of Xom.
  1060 | D:2      | Reached XP level 4. HP: 21/21 MP: 7/10
  2128 | D:3      | Found an ancient bone altar of Kikubaaqudgha.
  2330 | D:3      | Found a faded altar to an unknown god.
  2350 | D:3      | Reached skill level 5 in Poison Magic
  2552 | D:5      | Entered Level 5 of the Dungeon
  2583 | D:4      | Reached XP level 5. HP: 6/24 MP: 5/11
  2586 | D:4      | Slain by an iguana

Action                   |  1- 3 |  4- 6 || total
-------------------------+-------+-------++-------
Melee: Dagger            |    29 |    24 ||    53
       Unarmed           |     5 |       ||     5
       Long sword        |       |    29 ||    29
 Cast: Sting             |    31 |    43 ||    74
       Mephitic Cloud    |     1 |       ||     1
       Cure Poison       |       |     1 ||     1
 Stab: Sleeping          |     9 |     3 ||    12
